 Dungeon Crawl Stone Soup version 0.24-a0-284-g9fb9971df1 (webtiles) character file.

Game seed: 8922990708378158440

2851 Redear the Destroyer (level 9, -8/51 HPs)
             Began as an Octopode Conjurer on May 5, 2019.
             Was a Believer of Zin.
             Mangled by an orc warrior
             ... wielding a +0 broad axe
              (13 damage)
             ... on level 7 of the Dungeon.
             The game lasted 00:21:17 (8912 turns).

Redear the Destroyer (Octopode Conjurer)            Turns: 8912, Time: 00:21:17

Health: -8/51      AC:  2    Str:  8    XL:     9   Next: 74%
Magic:  17/21      EV: 13    Int: 20    God:    Zin [**....]
Gold:   346        SH:  0    Dex: 12    Spells: 13/25 levels left

rFire    . . .     SeeInvis .   u - +0 whip (freeze)
rCold    . . .     Gourm    .   (no shield)
rNeg     . . .     Faith    .   (helmet restricted)
rPois    .         Spirit   .   (no amulet)
rElec    .         Reflect  .   q - +1 ring of protection
rCorr    .         Harm     .   s - ring of wizardry {Wiz+}
MR       .....     Rnd*Tele +   w - ring of teleportation {+/*tele}
Stlth    +++.......             (no ring)
HPRegen  0.17/turn              (no ring)
MPRegen  0.17/turn              (no ring)
                                (no ring)
                                (no ring)

@: no status effects
A: almost no armour, stealthy swim, amphibious, 8 rings, constrict 8, camouflage
1, gelatinous body 1
a: Recite, Vitalisation, Donate Gold, Renounce Religion


You were on level 7 of the Dungeon.
You worshipped Zin.
Zin was pleased with you.
You were not hungry.

You visited 2 branches of the dungeon, and saw 8 of its levels.

You collected 384 gold pieces.
You donated 38 gold pieces to Zin.

Inventory:

Hand Weapons
 b - a +0 dagger
 k - a +0 flail of protection
 u - a +0 whip of freezing (weapon)
Jewellery
 j - an uncursed amulet of magic regeneration {unknown}
 q - a +1 ring of protection (left tentacle)
 s - a ring of wizardry (right tentacle) {Wiz+}
 w - a ring of teleportation (on tentacle) {+/*tele}
Wands
 A - a wand of acid (6)
 P - a wand of paralysis (7)
 V - a wand of flame (24)
Scrolls
 h - a scroll of fog
 N - a scroll of remove curse {@r2}
 R - a scroll of identify {@r1}
Potions
 a - a potion of resistance {unknown}
 c - a potion of might {Str+5 DMG+1d10 | @q3}
 d - 3 potions of agility {Stlth+ Dex+5 EV+5 | @q4}
 l - a potion of brilliance {Archmagi Int+5 Wiz++}
 m - a potion of cancellation {unknown}
 n - a potion of heal wounds {unknown}
 p - a potion of flight {unknown}
 r - a potion of ambrosia {unknown}
 t - a potion of mutation {unknown}
 x - a potion of magic {unknown}
Comestibles
 z - 9 rations


   Skills:
 - Level 2.0 Dodging
 - Level 2.6 Stealth
 + Level 8.6 Spellcasting
 + Level 10.0 Conjurations
 + Level 2.4 Hexes


You had 13 spell levels left.
You knew the following spells:

 Your Spells              Type           Power        Failure   Level  Hunger
a - Magic Dart            Conj           ####         1%          1    None
b - Iskenderun's Mystic   Conj           #####...     1%          4    ###....
c - Fulminant Prism       Conj/Hex       ####......   2%          4    ###....
q - Dazzling Spray        Conj/Hex       ####..       1%          3    None

Your spell library contained the following spells:

 Spells                   Type           Power        Failure   Level  Hunger
 Searing Ray              Conj           #####.       1%          2    None
 Force Lance              Conj/Tloc      ####....     4%          4    ###....


Dungeon Overview and Level Annotations

Branches:
Dungeon (7/15)             Temple (1/1) D:6

Altars:
Ashenzari
Cheibriados
Dithmenos
Elyvilon
Fedhas
Gozag
Hepliaklqana
Kikubaaqudgha
Makhleb
Nemelex Xobeh
Okawaru
Qazlal
Ru
Trog
Vehumet
Wu Jian
Xom
Yredelemnul
Zin


Innate Abilities, Weirdness & Mutations

You cannot wear most types of armour.
You are very stealthy in the water. (Stealth+)
You are amphibious.
You can wear up to eight rings at the same time.
You can use your tentacles to constrict eight enemies at once.
Your skin changes colour to match your surroundings (Stealth+).
Your rubbery body absorbs attacks. (AC +1, EV +1)


Message History

A killer bee comes into view.
As you read the scroll labeled QASOSU ZEAH, it crumbles to dust.
It is a scroll of amnesia.
Okay, then.
The orc warrior hits you with a +0 broad axe!
* * * LOW HITPOINT WARNING * * *
You take 13 damage, and have 4/51 hp.
MASSIVE DAMAGE!!
Okay, then.
Okay, then.
Unknown command.
As you read the scroll labeled IFITHR HUIMEK, it crumbles to dust.
It is a scroll of enchant armour.
You aren't carrying any armour which can be enchanted further.
A kobold comes into view.
Unknown command.
As you read the scroll labeled YTIMAO VUN ISA, it crumbles to dust.
You hear a lullaby played backwards.
It was a scroll of random uselessness.
The orc warrior hits you with a +0 broad axe!
You die...

###### #.##.##.# # #########
#.h..K..# # #......(# ####.####
####..>....# #Y# ...........#
##.# ###.......(# #..#
#........# #.## #..(.....# #.#
#...(....### #@# ###(.........#
#o# (((.#.....#..# #O#
.#.#)(.....o.# #o# ******
.............# #h# *******,,,,,
##?#...#.....###.# *,,,,,*,****
#.#.........o...# **,,,,,*,*,,,
#.........h.#####***,,,,,,,,,,,,
###.##.##.###*,,,,,,,,,,,,*,*,,,


You could see an orc warrior, an ice beast, an ogre, an orc, a jackal
(wandering) and a kobold (wandering).

Vanquished Creatures
  Pikel (D:4)
  A troll (D:5)
  2 sky beasts
  2 necrophages (D:7)
  An eye of draining (D:3)
  4 slaves
  2 ogres
  A phantom (D:6)
  2 centaurs (D:5)
  3 bullfrogs
  A big kobold (D:7)
  A wyvern skeleton (D:6)
  3 scorpions (D:6)
  4 howler monkeys
  3 hounds
  2 bullfrog zombies
  2 orc priests
  9 worker ants
  An orc wizard (D:5)
  A hound zombie (D:5)
  7 gnolls
  7 adders
  An ooze (D:1)
  A dart slug (D:1)
  6 leopard geckos
  13 orcs
  A ball python (D:1)
  8 bats
  2 giant cockroaches
  6 goblins
  4 hobgoblins
  10 jackals
  7 kobolds
  3 quokkas
  A ball python skeleton (D:4)
  8 frilled lizards
  A quokka skeleton (D:6)
  A quokka zombie (D:5)
  9 rats
142 creatures vanquished.

Vanquished Creatures (others)
  An orc wizard (D:7)
  2 fulminant prisms (D:7)
3 creatures vanquished.

Grand Total: 145 creatures vanquished

Notes
Turn   | Place    | Note
-------+----------+-------------------------------------------
     0 | D:1      | Redear the Octopode Conjurer began the quest for the Orb.
     0 | D:1      | Reached XP level 1. HP: 11/11 MP: 3/3
    81 | D:1      | Reached XP level 2. HP: 17/17 MP: 0/5
   565 | D:1      | Reached XP level 3. HP: 21/21 MP: 2/6
  1244 | D:2      | Reached skill level 3 in Spellcasting
  1244 | D:2      | Reached XP level 4. HP: 27/27 MP: 3/8
  1574 | D:2      | Found an iron altar of Okawaru.
  1673 | D:2      | Reached skill level 5 in Conjurations
  2247 | D:3      | Reached XP level 5. HP: 31/31 MP: 6/10
  2700 | D:3      | Found a burning altar of Makhleb.
  2982 | D:3      | Noticed an eye of draining
  2993 | D:3      | Killed an eye of draining
  2993 | D:3      | Reached skill level 4 in Spellcasting
  2993 | D:3      | Reached XP level 6. HP: 36/36 MP: 0/12
  2999 | D:3      | Reached skill level 6 in Conjurations
  3774 | D:4      | Learned a level 3 spell: Dazzling Spray
  3897 | D:4      | Reached skill level 5 in Spellcasting
  3897 | D:4      | Reached XP level 7. HP: 41/41 MP: 3/14
  3914 | D:4      | Learned a level 4 spell: Iskenderun's Mystic Blast
  4160 | D:4      | Noticed Pikel
  5043 | D:4      | Killed Pikel
  5043 | D:4      | Reached skill level 6 in Spellcasting
  5043 | D:4      | Reached skill level 7 in Conjurations
  5043 | D:4      | Reached XP level 8. HP: 46/46 MP: 5/17
  5142 | D:5      | Entered Level 5 of the Dungeon
  5204 | D:6      | Reached skill level 8 in Conjurations
  5724 | D:6      | Reached skill level 7 in Spellcasting
  6329 | D:5      | Reached XP level 9. HP: 51/51 MP: 13/20
  6447 | D:5      | Reached skill level 9 in Conjurations
  6987 | D:5      | Noticed a troll
  7103 | D:5      | Killed a troll
  7103 | D:5      | Reached skill level 8 in Spellcasting
  7576 | D:6      | Found a staircase to the Ecumenical Temple.
  7599 | Temple   | Entered the Ecumenical Temple
  7823 | Temple   | Became a worshipper of Zin the Law-Giver
  7823 | Temple   | Reached * piety under Zin
  7861 | D:6      | Reached ** piety under Zin
  8269 | D:7      | Found a blossoming altar of Fedhas.
  8283 | D:7      | Found a bloodstained altar of Trog.
  8328 | D:7      | Reached skill level 1 in Hexes
  8458 | D:6      | Learned a level 4 spell: Fulminant Prism
  8469 | D:7      | Reached skill level 2 in Hexes
  8833 | D:7      | Found a shattered altar of Ashenzari.
  8838 | D:7      | Reached skill level 10 in Conjurations
  8869 | D:7      | Found an ornate altar of the Wu Jian Council.
  8890 | D:7      | HP: 4/49 [poisoned by an orc warrior]
  8910 | D:7      | HP: 4/51 [orc warrior/+0 broad axe (13)]
  8912 | D:7      | Mangled by an orc warrior

Levels and vault maps discovered:
D:1:      mushboom_english_gardens, layout_basic, minmay_tree_intersection,
          minivault_23
D:2:      layout_rooms, nicolae_overflow_crystal_walls
D:3:      layout_loops_ring, bloody_makhleb
D:4:      layout_basic, first_ration, ebering_dispersal_statue_hall, uniq_pikel
D:5:      minmay_chambers_of_fours, layout_loops_ring, nrook_pool_corridor
D:6:      layout_basic, minmay_temple_entry_trees
D:7:      layout_loops_cross, lemuel_round_altar,
          nicolae_overflow_quartered_altars
Temple:   nicolae_temple_figure_eight

Skill      XL: |  1  2  3  4  5  6  7  8  9 |
---------------+----------------------------+-----
Spellcasting   | 3 4 5 6 7 8 |  8.6
Conjurations   | 5 6 7 8 10 | 10.0
Hexes          | 2 |  2.4
Dodging        | |  2.0
Stealth        | |  2.6

Action                   |  1- 3 |  4- 6 |  7- 9 || total
-------------------------+-------+-------+-------++-------
Melee: Unarmed           |    18 |       |       ||    18
       Constrict         |     7 |     6 |     5 ||    18
       Tentacles         |     4 |     4 |     7 ||    15
       Dagger            |     4 |     6 |       ||    10
       Flail             |       |    21 |    13 ||    34
       Whip              |       |       |    25 ||    25
 Cast: Magic Dart        |    49 |   112 |   224 ||   385
       Dazzling Spray    |       |     2 |     4 ||     6
       Iskenderun's Myst |       |       |    39 ||    39
       Fulminant Prism   |       |       |     3 ||     3
Evoke: Wand              |       |       |     4 ||     4
  Use: Scroll            |       |       |    14 ||    14
       Potion            |       |       |     2 ||     2
 Stab: Paralysed         |       |       |    10 ||    10
  Eat: Chunk             |       |     2 |    14 ||    16
       Ration            |       |     2 |     2 ||     4
Armor: Skin              |     2 |     7 |     8 ||    17
Dodge: Dodged            |    19 |    29 |    76 ||   124

Table legend:
 A = Non-vault XP
 B = Vault XP
 C = Vault XP percentage of total XP
 D = Non-vault monster count
 E = Vault monster count
 F = Vault count percentage of total count
                 A         B        C        D         E       F
            +---------+---------+-------+---------+---------+-------
      Total |    2920 |    1153 |  28.3 |     132 |       6 |   4.3
            +---------+---------+-------+---------+---------+-------
        D:1 |      65 |       0 |   0.0 |      28 |       0 |   0.0
        D:2 |     112 |       0 |   0.0 |      18 |       0 |   0.0
        D:3 |     277 |       0 |   0.0 |      19 |       0 |   0.0
        D:4 |     364 |     663 |  64.6 |      17 |       1 |   5.6
        D:5 |     569 |     490 |  46.3 |      20 |       5 |  20.0
        D:6 |     854 |       0 |   0.0 |      16 |       0 |   0.0
        D:7 |     679 |       0 |   0.0 |      14 |       0 |   0.0
            +---------+---------+-------+---------+---------+-------
